 Dungeon Crawl Stone Soup version 0.25-a0-927-g39f137c8b7 (webtiles) character file.

Game seed: 11228936891932225698, levelgen mode: deterministic

243 Maedhros the Insei (level 6, 0/38 HPs)
             Began as an Octopode Artificer on May 3, 2020.
             Slain by a jackal (3 damage)
             ... on level 5 of the Dungeon.
             The game lasted 00:02:37 (661 turns).

Maedhros the Insei (Octopode Artificer)              Turns: 661, Time: 00:02:38

Health: 0/38       AC:  1    Str: 11    XL:     6   Next: 9%
Magic:  8/8        EV: 13    Int: 14    God:
Gold:   49         SH:  0    Dex: 14    Spells: 5/5 levels left

rFire    . . .     SeeInvis .   o - +1 spear (venom)
rCold    . . .     Gourm    .   (no shield)
rNeg     . . .     Faith    .   (helmet restricted)
rPois    .         Spirit   .   m - amulet of harm
rElec    .         Reflect  .   (no ring)
rCorr    .         Harm     +   (no ring)
MR       .....                  (no ring)
Stlth    ++++......             (no ring)
HPRegen  0.12/turn              (no ring)
MPRegen  0.11/turn              (no ring)
                                (no ring)
                                (no ring)

@: no status effects
A: almost no armour, stealthy swim, amphibious, 8 rings, constrict 8, camouflage
1, gelatinous body 1
a: no special abilities


You were on level 5 of the Dungeon.
You were not hungry.

You visited 1 branch of the dungeon, and saw 5 of its levels.

You collected 88 gold pieces.
You spent 39 gold pieces at shops.

Inventory:

Hand Weapons
 a - a +0 short sword
 o - a +1 spear of venom (weapon)
Missiles
 r - 11 poisoned darts (quivered)
Jewellery
 g - an uncursed amulet of magic regeneration
 m - an amulet of harm (around mantle)
Wands
 b - a wand of flame (9)
 c - a wand of enslavement (11)
 d - a wand of random effects (14)
 p - a wand of digging (6)
Scrolls
 e - a scroll of random uselessness {unknown}
 h - a scroll of magic mapping {unknown}
 i - 2 scrolls of identify {unknown}
 k - a scroll of remove curse {unknown}
 l - 2 scrolls of fog {unknown}
 q - a scroll of fear {unknown}
Potions
 j - a potion of lignification {unknown}
 n - 2 potions of curing
Comestibles
 f - 3 rations


   Skills:
 - Level 1.0 Fighting
 - Level 1.0 Short Blades
 - Level 2.0 Dodging
 - Level 4.0 Stealth
 + Level 5.0 Unarmed Combat
 - Level 3.2 Evocations


You had 5 spell levels left.
You didn't know any spells.
Your spell library was empty.

Dungeon Overview and Level Annotations

Branches:
Dungeon (5/15)
 Temple: D:4-7

Altars:
Gozag
Vehumet

Shops:
D:5 !

Annotations:
D:4 2 runed translucent doors, harlaan's ghost, amateur DESu
D:5 Blork the orc


Innate Abilities, Weirdness & Mutations

You cannot wear most types of armour.
You are very stealthy in the water. (Stealth+)
You are amphibious.
You can wear up to eight rings at the same time.
You can use your tentacles to constrict eight enemies at once.
Your skin changes colour to match your surroundings (Stealth+).
Your rubbery body absorbs attacks. (AC +1, EV +1)


Message History

Found a glowing dark potion.
The jackal barks!
You hear a bark!
You hear a shout!
A jackal comes into view.
Attack whom?
Press: ? - help, Dir - move target cursor, f - jackal
Aim: a jackal You reach to attack!
You miss the jackal.
Blork the orc comes into view.
He is wielding a +0 hand axe.
You miss the jackal.
Blork the orc shouts!
You grab the jackal. You constrict the jackal. The jackal bites you.
* * * LOW HITPOINT WARNING * * *
The jackal closely misses you.
Blork the orc mumbles some strange words.
Blork the orc seems to speed up.
The jackal misses you.
You barely miss the jackal. Your grab misses the jackal.
Your squeeze misses the jackal. You constrict the jackal.
The jackal barely misses you. The jackal closely misses you.
The jackal bites you.
You die...

#..#..⌠.⌠..#
##..#.......#
#..##..⌠.⌠..# .
....##.....#### ..
#..###...##.#.### ..#
#..########.....# ...#
#.....##........# .....
##..............##......
#.##............@h......
.................h....!.
........................
...................h....
........................
....................o...
........#########.......
........# ##_## .......
........# ..8


You could see Blork the orc and 3 jackals.

Vanquished Creatures
  An ice beast (D:5)
  An orc priest (D:4)
  An iguana (D:5)
  An orc wizard (D:4)
  A worker ant (D:4)
  3 orcs (D:4)
  3 goblins
  2 hobgoblins (D:2)
  A frilled lizard (D:2)
  A jackal skeleton (D:5)
  2 kobolds
17 creatures vanquished.

Vanquished Creatures (collateral kills)
  A centaur zombie (D:5)
  A hound (D:5)
2 creatures vanquished.

Vanquished Creatures (others)
  A hound (D:5)
  An iguana (D:4)
2 creatures vanquished.

Grand Total: 21 creatures vanquished

Notes
Turn   | Place    | Note
-------+----------+-------------------------------------------
     0 | D:1      | Maedhros the Octopode Artificer began the quest for the
                  | Orb.
     0 | D:1      | Reached XP level 1. HP: 13/13 MP: 3/3
    38 | D:1      | You fall into a shaft and drop 1 floor!
    75 | D:2      | Reached XP level 2. HP: 6/18 MP: 4/4
   218 | D:4      | Found an opulent altar of Gozag.
   324 | D:4      | Found a large runed translucent door.
   324 | D:4      | Found a large runed translucent door.
   325 | D:4      | Noticed harlaan's ghost (amateur DESu)
   389 | D:4      | Reached skill level 1 in Unarmed Combat
   389 | D:4      | Reached XP level 3. HP: 23/23 MP: 5/5
   393 | D:4      | Reached skill level 2 in Unarmed Combat
   393 | D:4      | Reached XP level 4. HP: 23/28 MP: 4/6
   500 | D:5      | Entered Level 5 of the Dungeon
   501 | D:5      | Found Teiri's Distillery.
   520 | D:5      | Bought a potion of curing for 39 gold pieces
   531 | D:5      | Reached skill level 3 in Unarmed Combat
   536 | D:5      | Noticed an ice beast
   580 | D:5      | Reached XP level 5. HP: 17/33 MP: 7/7
   605 | D:5      | Found a radiant altar of Vehumet.
   626 | D:5      | Noticed an ice beast
   632 | D:5      | Killed an ice beast
   632 | D:5      | Reached skill level 4 in Unarmed Combat
   638 | D:5      | Reached skill level 5 in Unarmed Combat
   638 | D:5      | Reached XP level 6. HP: 2/38 MP: 8/8
   659 | D:5      | Noticed Blork the orc
   661 | D:5      | Slain by a jackal

Levels and vault maps discovered:
D:1:      dpeg_arrival_water_temple_mockup, layout_basic, serial_forest,
          infiniplex_forest_corner_2, infiniplex_forest_clump_double,
          infiniplex_forest_clump_double, infiniplex_forest_clump_curved,
          infiniplex_forest_lined_room_3, infiniplex_forest_clump_C,
          infiniplex_forest_clump_tiny
D:2:      layout_loops_ring, marbit_many_paths, first_ration,
          uniq_crazy_yiuf_cottage
D:3:      layout_rooms, eat_drink_and_be_merry_uskayaw
D:4:      layout_gridville, grunt_gozag_breadcrumbs, serial_shops,
          kennysheep_little_box, ebering_ghost_disaster_area,
          chequers_serial_rivers_micro_c
D:5:      layout_cave_pools, nicolae_overflow_hidden_temple, kennysheep_mini,
          nicolae_ossuary_entry_false_entrances, serial_shops, shop_statue,
          chequers_serial_rivers_micro_d, kennysheep_small_circle,
          uniq_blork_the_orc

Skill      XL: |  1  2  3  4  5 |
---------------+----------------+-----
Stealth        | 2 4 |  4.0
Unarmed Combat | 1 2 3 5 |  5.0
Fighting       | |  1.0
Short Blades   | |  1.0
Dodging        | |  2.0
Evocations     | |  3.2

Action                   |  1- 3 |  4- 6 || total
-------------------------+-------+-------++-------
Melee: Short sword       |    20 |    15 ||    35
       Tentacles         |     8 |     3 ||    11
       Constrict         |     5 |     5 ||    10
       Spear             |       |    10 ||    10
       Punch             |       |     1 ||     1
Evoke: Wand              |     2 |     9 ||    11
 Stab: Sleeping          |     3 |     2 ||     5
Dodge: Dodged            |     5 |    17 ||    22

Table legend:
 A = Non-vault XP
 B = Vault XP
 C = Vault XP percentage of total XP
 D = Non-vault monster count
 E = Vault monster count
 F = Vault count percentage of total count
                 A         B        C        D         E       F
            +---------+---------+-------+---------+---------+-------
      Total |     313 |      35 |  10.1 |      18 |       1 |   5.3
            +---------+---------+-------+---------+---------+-------
        D:1 |       1 |       0 |   0.0 |       1 |       0 |   0.0
        D:2 |      11 |       0 |   0.0 |       6 |       0 |   0.0
        D:3 |       2 |       0 |   0.0 |       1 |       0 |   0.0
        D:4 |     110 |       0 |   0.0 |       6 |       0 |   0.0
        D:5 |     189 |      35 |  15.6 |       4 |       1 |  20.0
            +---------+---------+-------+---------+---------+-------
